 Dungeon Crawl Stone Soup version 0.31-a0-1010-g5322dac6a2 (webtiles) character file.

Game seed: 211418748903699942

121 kae the Vexing (level 4, -4/30 HPs)
             Began as a Demonspawn Enchanter on Nov 16, 2023.
             Slain by an orc
             ... wielding a +2 short sword of electrocution
              (15 damage)
             ... on level 2 of the Dungeon.
             The game lasted 00:02:26 (2529 turns).

kae the Vexing (Demonspawn Enchanter)               Turns: 2529, Time: 00:02:26

Health: -4/30      AC:  6    Str: 10    XL:     4   Next: 76%
Magic:  2/7        EV: 12    Int: 17    God:
Gold:   112        SH:  4    Dex: 13    Spells: 6/8 levels left

rFire   . . .        a - +1 dagger
rCold   . . .        (no shield)
rNeg    . . .        b - +0 robe
rPois   +            (no helmet)
rElec   .            (no cloak)
rCorr   .            (no gloves)
SInv    .            (no boots)
Will    .....        (no amulet)
Stlth   ++           P - ring of poison resistance
HPRegen 0.25/turn    O - +4 ring of protection
MPRegen 0.10/turn

%: no passive effects
@: no status effects
A: condensation shield, weakness stinger 1, demonic touch 1
a: no special abilities


You were on level 2 of the Dungeon.
You visited 1 branch of the dungeon, and saw 3 of its levels.

You collected 112 gold pieces.


Innate Abilities, Weirdness & Mutations

A meltable shield of frost defends you. (SH +4)
You have a small tail.
Your touch may inflict minor irresistible damage on your foes.


   Skills:
 * Level 2.3 Short Blades
 - Level 1.7 Dodging
 + Level 3.1 Stealth
 + Level 2.5 Spellcasting
 * Level 3.8 Hexes
 * Level 1.3 Ice Magic


You had 6 spell levels left.
You knew the following spells:

 Your Spells              Type           Power      Damage    Failure   Level
a - Ensorcelled Hibernat  Hex/Ice        22%        N/A       10%         2

Your spell library contained the following spells:

 Spells                   Type           Power      Damage    Failure   Level
 Confusing Touch          Hex            15%        N/A       12%         3
 Tukima's Dance           Hex            15%        N/A       12%         3
 Dazzling Flash           Conj/Hex       16%        N/A       26%         3
 Ignite Poison            Fire/Tmut/Pois 2%         N/A       50%         3
 Sticky Flame             Conj/Fire      2%         2d3       88%         4
 Ignition                 Fire           1%         3d3       100%        8

Inventory:

Hand Weapons
 a - a +1 dagger (weapon)
Missiles
 d - 37 stones
Armour
 b - a +0 robe (worn)
Jewellery
 h - a ring of willpower
   (You found it on level 1 of the Dungeon)
 O - a +4 ring of protection (right hand)
   (You found it on level 1 of the Dungeon)
 P - a ring of poison resistance (left hand)
   (You found it on level 1 of the Dungeon)
Scrolls
 e - 2 scrolls of enchant weapon
Potions
 c - 3 potions of invisibility
 f - a potion of mutation {unknown}
 i - 4 potions of enlightenment {unknown}
 k - a potion of berserk rage {unknown}
 m - a potion of heal wounds {unknown}

Dungeon Overview and Level Annotations

Branches:
Dungeon (3/15) Zot: 15482

Altars:
Vehumet

Annotations:
D:3 2 transporters, NigelTetley's ghost, weakling FoFi

#################
##.............#..
#..###########...#
#.###....P..####.#
#@# ##.....###....
#o# ####### ###.#
##.# #.#
#..##############.#
#.##...............
#..................
#..#.#####...#####.
#..#.#####.#.......
#..#....##...#####.


You could see an orc.


Message History

Done waiting.
Unknown command.
Unknown command.
An orc priest is nearby!
An orc priest is nearby!
You see here 3 stones.
You closely miss the orc priest.
The orc priest shouts!
The ogre shouts! x2
Your tail-slap misses the orc priest.
You touch the orc priest!
The orc priest hits you with a +0 mace. 😕 HP[-5]
You take 5 damage, and now have 25/30 hp.
Casting: Ensorcelled Hibernation (safe; 11% risk of failure)
Confirm with . or Enter, or press ? or * to list all spells.
Aiming: Ensorcelled Hibernation (safe; 11% risk of failure)
Press: ? - help, Shift-Dir - straight line, f - orc priest
Aim: an orc priest, wielding a +0 mace and wearing a +0 leather armour (heavily wounded, chance to affect: 44%)
The orc priest looks drowsy... 😕 HP[+1] MP[-2]
You lost 2 mp, and now have 5/7 mp.
Casting: Ensorcelled Hibernation (safe; 11% risk of failure)
Confirm with . or Enter, or press ? or * to list all spells.
You can't see any susceptible monsters within range! (Use Z to cast anyway.)
The helpless orc priest fails to defend itself.
You puncture the orc priest!
You kill the orc priest!
No reachable target in view!
Key pressed, stopping explore.
No reachable target in view!
No reachable target in view! 😎 HP[+4] MP[+2]
Your hp is fully restored (30).
Your mp is fully restored (7).
d - 37 stones (gained 3)
There is an escape hatch in the ceiling here.
Found a stone staircase leading up.
Unknown command.
An orc comes into view. It is wielding a +0 dagger.
An orc is nearby!
An orc is nearby!
An orc is nearby!
The orc shouts!
You hear a shout!
An orc comes into view.
It is wielding a +2 short sword of electrocution.
An orc comes into view. It is wielding a +0 flail.
There is a stone staircase leading up here.
Casting: Ensorcelled Hibernation (safe; 10% risk of failure)
Confirm with . or Enter, or press ? or * to list all spells.
Aiming: Ensorcelled Hibernation (safe; 10% risk of failure)
Press: ? - help, Shift-Dir - straight line, f - orc
Aim: an orc, wielding a +0 dagger and wearing a +0 leather armour (chance to affect: 62%)
The orc resists with significant effort.
The orc shouts!
The orc barely misses you. 😎 MP[-2]
You lost 2 mp, and now have 5/7 mp.
Casting: Ensorcelled Hibernation (safe; 10% risk of failure)
Confirm with . or Enter, or press ? or * to list all spells.
Aiming: Ensorcelled Hibernation (safe; 10% risk of failure)
Press: ? - help, Shift-Dir - straight line, f/p - orc
Aim: an orc, wielding a +0 dagger and wearing a +0 leather armour (chance to affect: 62%)
You miscast Ensorcelled Hibernation.
You are very lightly contaminated with residual magic.
Nothing appears to happen.
A rat comes into view.
The orc barely misses you. 😎 MP[-2]
You lost 2 mp, and now have 3/7 mp.
The orc closely misses you.
The orc hits you with a +2 short sword of electrocution.
You climb upwards.
There is a stone staircase leading down here. 😕 HP[-1]
You take 1 damage, and now have 29/30 hp.
Casting: Ensorcelled Hibernation (safe; 10% risk of failure)
Confirm with . or Enter, or press ? or * to list all spells.
Aiming: Ensorcelled Hibernation (safe; 10% risk of failure)
Press: ? - help, Shift-Dir - straight line, f - orc
Aim: an orc, wielding a +0 dagger and wearing a +0 leather armour (chance to affect: 62%)
The orc looks drowsy...
The orc closely misses you. 😕 MP[-2]
You lost 2 mp, and now have 1/7 mp.
The helpless orc fails to defend itself.
You puncture the orc!
You kill the orc!
You block the orc's attack.
Things that are here:
a +0 dagger; a +0 leather armour You barely miss the orc.
The orc hits you with a +2 short sword of electrocution.
Your magical contamination has completely faded away.
You closely miss the orc. The orc hits you but does no damage.
You are electrocuted!!
Ouch! That really hurt!
* * * LOW HITPOINT WARNING * * *
😨 HP[-18]
You take 18 damage, and now have 11/30 hp.
MASSIVE DAMAGE!! (PAUSE)
You barely miss the orc. The orc hits you but does no damage.
You are electrocuted!
Ouch! That really hurt!
You die...

Skill      XL: |  1  2  3 |
---------------+----------+-----
Short Blades   | 1 2 |  2.3
Stealth        | 3 |  3.1
Ice Magic      | 1 |  1.3
Dodging        | |  1.7
Spellcasting   | |  2.5
Hexes          | |  3.8

Action                     |  1- 3 |  4- 6 || total
---------------------------+-------+-------++-------
  Melee: Dagger            |   165 |    30 ||   195
         Tailslap          |    14 |     5 ||    19
         Punch             |     1 |       ||     1
         Touch             |     2 |     2 ||     4
   Cast: Ensorcelled Hiber |     7 |    10 ||    17
    Use: Scroll            |     3 |     1 ||     4
   Stab: Sleeping          |    11 |     5 ||    16
         Distracted        |     1 |       ||     1
 Armour: Robe              |    76 |    21 ||    97
  Dodge: Dodged            |    85 |    28 ||   113
  Block: Other             |       |    13 ||    13

Levels and vault maps discovered:
D:1:      dpeg_arrival_orchard, layout_basic
D:2:      layout_loops_ring, basic_altar, serial_aquarium,
          aquarium_bridge_straight [aquarium_subvault_bridge,
          aquarium_subvault_wall, aquarium_subvault_bridge,
          aquarium_subvault_wall], aquarium_window_fake, aquarium_window_2,
          aquarium_view_2f, aquarium_view_4, aquarium_balcony_3b,
          aquarium_pool_double, hangedman_decor_growths
D:3:      layout_loops_ring, dancing_weapons_uskayaw, gammafunk_ghost_smash

Notes
Turn   | Place    | Note
-------+----------+-------------------------------------------
     0 | D:1      | kae the Demonspawn Enchanter began the quest for the Orb.
     0 | D:1      | Reached XP level 1. HP: 13/13 MP: 3/3
     0 | D:1      | magus.rc [v1.11.3]
    17 | D:1      | Reached skill level 1 in Short Blades
    74 | D:1      | You add the spells Ignite Poison, Sticky Flame and Ignition
                  | to your library.
   368 | D:1      | You feel monstrous as your demonic heritage exerts itself.
   368 | D:1      | Discovered your monstrous ancestry.
   368 | D:1      | Gained mutation: You have a small tail. [demonic ancestry]
   368 | D:1      | Reached XP level 2. HP: 19/19 MP: 5/5
   522 | D:1      | Learned a level 2 spell: Ensorcelled Hibernation
   714 | D:2      | Found a radiant altar of Vehumet.
   778 | D:2      | HP: 4/19 [worm (7)]
   859 | D:2      | Gained mutation: Your touch may inflict minor irresistible
                  | damage on your foes. [demonic ancestry]
   859 | D:2      | Reached XP level 3. HP: 17/24 MP: 1/6
  1324 | D:2      | HP: 5/24 [worm (4)]
  1431 | D:2      | Reached skill level 3 in Stealth
  1431 | D:2      | Reached skill level 1 in Ice Magic
  1757 | D:3      | Noticed a +0 hand axe
  1757 | D:3      | Noticed a +0 dagger
  1877 | D:3      | Reached skill level 2 in Short Blades
  1877 | D:3      | Gained mutation: A meltable shield of frost defends you.
                  | (SH +4) [demonic ancestry]
  1877 | D:3      | Reached XP level 4. HP: 30/30 MP: 7/7
  2141 | D:3      | Identified the +4 great mace "Enloatopn" {heavy, rF+ Str+3
                  | Dex+3}
  2141 | D:3      | Noticed an ogre
  2143 | D:3      | Found a transporter.
  2144 | D:3      | Noticed NigelTetley's ghost (weakling FoFi)
  2145 | D:3      | Noticed an ogre
  2149 | D:3      | Found a transporter.
  2529 | D:2      | Slain by an orc

Vanquished Creatures
  An orc priest (D:3)
  3 adders
  2 worms (D:2)
  2 dart slugs (D:3)
  4 orcs
  5 ball pythons
  8 endoplasms
  2 giant cockroaches
  3 goblins
  A hobgoblin (D:1)
  3 quokkas
  4 bats
  2 frilled lizards (D:1)
  3 kobolds (D:1)
  7 rats
50 creatures vanquished.

Table legend:
 A = Non-vault XP
 B = Vault XP
 C = Vault XP percentage of total XP
 D = Non-vault monster count
 E = Vault monster count
 F = Vault count percentage of total count
                 A         B        C        D         E       F
            +---------+---------+-------+---------+---------+-------
      Total |     173 |       0 |   0.0 |      50 |       0 |   0.0
            +---------+---------+-------+---------+---------+-------
        D:1 |      37 |       0 |   0.0 |      23 |       0 |   0.0
        D:2 |      55 |       0 |   0.0 |      13 |       0 |   0.0
        D:3 |      81 |       0 |   0.0 |      14 |       0 |   0.0
            +---------+---------+-------+---------+---------+-------

Skill      XL: |  1  2  3 |
---------------+----------+-----
Short Blades   | 1 2 |  2.3
Stealth        | 3 |  3.1
Ice Magic      | 1 |  1.3
Dodging        | |  1.7
Spellcasting   | |  2.5
Hexes          | |  3.8

Action                     |  1- 3 |  4- 6 || total
---------------------------+-------+-------++-------
  Melee: Dagger            |   165 |    30 ||   195
         Tailslap          |    14 |     5 ||    19
         Punch             |     1 |       ||     1
         Touch             |     2 |     2 ||     4
   Cast: Ensorcelled Hiber |     7 |    10 ||    17
    Use: Scroll            |     3 |     1 ||     4
   Stab: Sleeping          |    11 |     5 ||    16
         Distracted        |     1 |       ||     1
 Armour: Robe              |    76 |    21 ||    97
  Dodge: Dodged            |    85 |    28 ||   113
  Block: Other             |       |    13 ||    13

Illustrated notes

Table legend:
 A = Kills in this place as a percentage of kills in the entire game.
 B = Kills by you in this place as a percentage of kills by you in the entire game.
 C = Kills by friends in this place as a percentage of kills by friends in the entire game.
 D = Other kills in this place as a percentage of other kills in the entire game.
 E = Experience gained in this place as a percentage of experience gained in the entire game.
 F = Experience gained in this place divided by the number of levels of this place that you have seen.
                   A       B       C       D       E      F
               +-------+-------+-------+-------+-------+----------------------
         Total | 100.0 | 100.0 |   N/A |   N/A | 100.0 |  57.7
       Dungeon | 100.0 | 100.0 |   N/A |   N/A | 100.0 |  57.7
               +-------+-------+-------+-------+-------+----------------------

Table legend: (Time is in decaauts)
 A = Elapsed time spent in this place.
 B = Non-inter-level travel time spent in this place.
 C = Inter-level travel time spent in this place.
 D = Time resting spent in this place.
 E = Time spent auto-exploring this place.
 F = Levels seen in this place.
 G = Mean time per level.
                   A        B        C        D        E       F      G
               +--------+--------+--------+--------+--------+-----+--------+
         Total |   2516 |   2470 |     46 |    306 |   1658 |   3 |  838.7 |
       Dungeon |   2516 |   2470 |     46 |    306 |   1658 |   3 |  838.7 |
               +--------+--------+--------+--------+--------+-----+--------+

Top non-repeatable levels by time:
     D:2: 1083 daAuts
     D:1: 744 daAuts
     D:3: 689 daAuts
